[Event "44th Chess Olympiad Women 2022"]
[Site "Chennai"]
[Date "2022.07.30"]
[Round "2.14"]
[White "Miranda Llanes, Yerisbel"]
[Black "Gitu, Paula-Alexandra"]
[Result "1-0"]
[WhiteElo "2347"]
[BlackElo "2109"]
[Annotator "TA"]
[PlyCount "113"]
[EventDate "2022.??.??"]
[TimeControl "60"]

1. d4 d6 2. Nf3 Bg4 3. e3 Nd7 4. c4 c6 5. Be2 Ngf6 6. Nc3 e5 7. O-O Be7 8. e4 {[%emt 0:00:46] A53: Old Indian Defence without Nf3.} O-O 9. Be3 Qc7 {[%emt 0:06:09] [#]} 10. h3 $146 {
[%emt 0:02:40] White is slightly better.} ({Predecessor:} 10. d5 cxd5 11. cxd5
Bxf3 12. Bxf3 Rfc8 13. Be2 a6 14. a4 Nc5 15. f3 Qb6 16. Qb1 {1-0 (25) Urkedal,
F (2470)-Medak,B (2399) Pula 2013}) 10... Bxf3 11. Bxf3 exd4 12. Bxd4 Ne5 13. Be2 Nfd7 14. Qc2 Bf6 15. Rad1 Rfe8 16. Rfe1 Rad8 17. Bf1 (17.
Bxa7 $2 b6 18. Bxb6 (18. Qa4 $2 Nc5 $19) 18... Nxb6 $19) 17... h6 18. Be3 (18. Bxa7 $2 b6 19. Bxb6 (19. Qa4 $2 Nc5 $19)
19... Nxb6 $19) 18... Ng6 19. Ne2 Nc5 20. f3 Qe7 21. g3 h5 22. Bg2 b6 ({Better is} 22... a5 $14) 23. b4 $16 Na6 24. Qa4 Qb7 25.
f4 Nc7 26. Bf2 b5 27. cxb5 Nxb5 28. Qb3 Be7 (28... h4 $16) 29. h4 $18 Nc7 30. Nd4 d5 (30... Bf6 $142 31. e5
dxe5) 31. exd5 (31. Rc1 $142) 31... cxd5 32.
a3 Bf6 33. Qa4 Rxe1+ 34. Rxe1 (34. Bxe1 Ne7 $14) 34... Ne7 {
[%emt 0:00:03] Inhibits Nc6.} 35. Nb3 {[%emt 0:01:09] 0x0.0019899bb3d1dp-1022s
more active pieces.} (35. Bh3 $16) 35... Nf5 (35... Nb5 $1 $14
) 36. Nc5 (36. Qxa7 $6 Qxa7 37. Bxa7 Ra8 $11) 36... Qb8 {
[%emt 0:00:19] [#]} (36... Qa8 $16) 37. Nd7 Qb5 38. Nxf6+ gxf6 39. Qc2 Qd7 40. Rc1 (40. Bxa7 $6 Nxg3 41. Kh2 Ne4 $18
) 40... Nb5 41. Bh3 {[%emt 0:32:28] This bishop pair is nice.}
Nbd6 42. Qd3 Ne4 43. Re1 {
[%emt 0:00:00] Black must now prevent Rxe4.} Re8 44. Rd1 ({White should try} 44. Re2) 44... Qe6 (44...
Nxf2 $2 45. Kxf2 d4 46. Qxf5 $18) 45. Bxa7 {[%emt 0:00:00] And now Re1 would
win.} (45. Qxd5 $2 Nxf2 46. Bxf5 Qe3 $19) 45... Nexg3 46. Bf2 ({Resist} 46. Qxd5 Ne2+ 47. Kh2 Qxd5 48. Rxd5 Nxh4 $14) 46...
Ne4 (46... Ne2+ $2 47. Kh2 $18) 47. Bd4 ({
Worse is} 47. Qxd5 Nxf2 48. Bxf5 Qe2 49. Qg2+ (49. Rd2 Qe1+ 50. Kg2 Nd1 $19)
49... Kh8 $17) ({White should play} 47. Bc5 $16) 47... Ned6 $2 {[%emt 0:01:41]
[#]} (47... Kh7 $11 {and Black stays safe.}) 48. a4 Qe4 49. Qxe4 Rxe4 (49... dxe4 $142 50. Bxf6 Kh7) 50. Bc5 d4 51. a5 Rxf4 52. a6 Nb5 53. Rf1 Rxf1+ 54. Bxf1 Nc7 55. b5 (55. a7
$142 Ne6 56. a8=Q+ Kg7 57. Qe4) 55... Ne3 56. a7 Na8 57. b6 {[%emt 0:00:00] Weighted Error Value: White=0.
21 (precise) /Black=0.72} 1-0

[Event "44th Chess Olympiad Women 2022"]
[Site "Chennai"]
[Date "2022.07.30"]
[Round "2.14"]
[White "Verbin, Valentina"]
[Black "Ordaz Valdes, Lisandra Teresa"]
[Result "1/2-1/2"]
[WhiteElo "2069"]
[BlackElo "2367"]
[Annotator "TA"]
[PlyCount "100"]
[EventDate "2022.??.??"]
[TimeControl "60"]

1. e4 e5 2. Nf3 Nc6 3. Bb5 g6 4. c3 d6 5. d4 Bd7 6. O-O Bg7 7. Re1 Nge7 8. Be3 O-O
{[%emt 0:03:35][%cal Yc6d4] C60: Ruy Lopez: Unusual Black 3rd moves and 3...g6.
} 9. dxe5 (9. d5 {seems wilder.} Nb8 10. Bxd7 Nxd7 11. c4)
9... Nxe5 10. Bxd7 Nxf3+ 11.
Qxf3 Qxd7 12. Nd2 {[%emt 0:07:30][%cal Yb1d2,
Yd2c4,Yc4a3,Ya3b5] [#]} a5 $146 ({Predecessor:} 12... Nc6 13.
Rad1 Ne5 14. Qe2 Qa4 15. f4 Nc6 16. a3 Rfe8 17. Qd3 Rad8 18. Bf2 a6 {1-0 (28)
Andersson,G (2200)-Hansson,S Gothenburg 1997}) 13. a4 Nc6 14. Nc4 Qe6 15. Na3 Rfe8 16. Nb5 Rac8 17. Bd2 Ne5 18. Qe2 Qc4 19. Bg5 h6 20. Bh4 Qxe2 21. Rxe2 f5 {[%emt 0:00:06] Hoping for ...g5.} 22. f3 Nd3 23. Rd1 Nf4 24. Ree1 fxe4 25. Bg3 Nh5 {[%emt 0:01:28] [#]} 26. Bxd6 $1 exf3 27.
Nxc7 (27. Bxc7 $5 Rxe1+ 28. Rxe1 $14) 27... Re2
{[%emt 0:04:37] [#]} (27... Rxe1+ $1 $11 {remains equal.} 28. Rxe1 fxg2) 28.
Rxe2 $1 $16 fxe2 29. Re1 Rd8 30. Nb5 Re8 (30... Bf8 $16
31. Bxf8 Kxf8) 31. Kf2 $18 Re4 32. b3 Nf4 (32... Kf7 {was worth a try.} 33. Rxe2 Nf6
) 33. Bxf4 (33. Kf3 $18 Nd3 34. Rxe2 Rxe2 35. Kxe2) 33...
Rxf4+ $16 34. Kxe2 $18 {[%emt 0:00:00] Endgame KRB-KRN} Rf7 35. Rd1 Be5 36. g3 h5 37. Rd5 Re7 38.
Kf3 Kg7 39. Rd8 (39. Nd4
$142) 39... g5 $16 40. h3 {[%emt 0:00:24] White is more
active.} Rf7+ 41. Kg2 h4 {[%emt 0:00:30] [#]}
(41... Re7 $16) 42. gxh4 ({White should play} 42. Nd6 $1 $18 Rf8 43. Rxf8 (43. Nxb7 Rxd8 44. Nxd8 Bxc3 $18) 43... Kxf8 44.
Nxb7) 42... gxh4 43. Nd6 (43. Nd4 $16) 43...
Rf4 $1 $14 44. Nxb7 {[%emt 0:07:34] aiming for Rd3.} Bxc3 45. Rd5 (45. Nc5 $14 {might be stronger.} Rf5
46. Ne4) 45... Bd4 $11 {[%emt 0:08:15] The position is equal.} 46. Nxa5 Rf2+ 47. Kh1 Rf1+ 48. Kg2 Rf2+ 49. Kh1 Rf1+ 50. Kg2 Rf2+ {[%emt 0:00:05] White
really could win this. Weighted Error Value: White=0.16 (very precise) /
Black=0.18 (very precise)} 1/2-1/2

[Event "44th Chess Olympiad Women 2022"]
[Site "Chennai"]
[Date "2022.07.30"]
[Round "2.15"]
[White "Avila Fraire, Ameyalli"]
[Black "Radeva, Viktoria"]
[Result "1/2-1/2"]
[WhiteElo "1907"]
[BlackElo "2289"]
[Annotator "TA"]
[PlyCount "115"]
[EventDate "2022.??.??"]
[TimeControl "60"]

1. e4 c5 2. Nf3 e6 3. c3 d5 4. e5 Nc6 5. d4 Bd7 6. Bd3 cxd4 7. cxd4 {[%emt 0:02:32] 7.0-0 might become the main line.} Qb6 8. Bc2 Nb4 $1 9. Ba4 {
[%emt 0:02:56] C02: French: Advance Variation.} (9. O-O $11) 9... Qa6 $17 10. Bc2 Rc8 11. Nc3 {[%emt 0:
00:00] Black is better.} Bb5 12. a3 Nxc2+ 13. Qxc2 {[%emt 0:00:09] [#]} Bd3 $146 ({Predecessor:} 13... Ne7 14. Ng1 Nf5 15. Qd1 Bf1 16. Nge2 Bxg2 17. Rg1
Nh4 18. Rxg2 Nxg2+ 19. Kf1 Nh4 20. Qd2 Nf5 21. Qf4 Ne7 22. Kg1 h6 23. Kh1 {
½-½ (23) Mutlu,E (1271)-Kirtadze,A (1391) Riga 2018}) 14. Qa4+ Qxa4 15. Nxa4 Rc2 16.
Be3 Bb5 17. b3 (17. Nc3 Bc4 18. Rb1 Ne7 $17) 17... Nh6 18. Kd1 Rc6 (18... Bd3 $2 19. Ne1 $18) ({Black
should play} 18... Rc7 $15) 19. Nc5 $11 Ng4 (
19... Bxc5 $5 20. dxc5 Nf5 $11) 20. a4 Ba6 21. b4 Bc4 22. Nd2 b6 23. b5 Rc8 24. Nxc4 dxc4 (24... Bxc5 25. dxc5 dxc4 26. c6 $16) 25. Ne4 f5 26. exf6 gxf6 27. Kc2 f5 28.
Nc3 (28. Ng5 $14) 28... Bb4 29. Rab1 Bxc3 30. Kxc3 Nf6
$36 {[%emt 0:00:09] White is under pressure.} 31. Rhe1 f4 32. Bc1 Kd7 33.
g3 Nd5+ 34. Kc2 fxg3 35. fxg3 Rhf8 {[%emt 0:00:23] Against Rf1} 36.
Re2 {[%emt 0:00:46] Inhibits Rf2.} (36. Bf4 $17) 36... Rf3 $19 37. Bd2 c3 38. Bh6 (38. Bg5
{might work better.}) 38... Rc4 39. Rbe1 Rxd4 (39... Rxa4 $2 40. Rxe6 Rb4 41. Bc1 $19)
40. Rxe6 Nb4+ $2 (40... Rxa4 $19
{Threatens to win with ...Ra5.} 41. Bf4 Rf2+ 42. R6e2 Ra2+ 43. Kd1 Rxh2 44.
Rxh2 Rxh2) 41. Kb3 $15 Nd5 {[%emt 0:17:01] Against Re7+} (
41... c2+ $15 42. R6e3 Rxe3+ 43. Bxe3 Re4) 42. R6e4 $11 Rd2 43. Kc4 $1 $14 Rdd3 (43...
Rxh2 $14 44. Kxd5 Rf5+ 45. Kc4 (45. Kd4 Rxh6 46. Re7+ Kd6 $11) 45... Rxh6) 44.
Rd4 {[%emt 0:05:10] The board is on fire.} (44. Re5 $16 Kd6 45. Bf8+ $1 Kc7 46.
R1e2 $1) 44... Rxd4+ 45. Kxd4 {[%emt 0:00:04] Endgame KRB-KRN}
Kd6 46. Re5 (46. Bc1 $5 c2 47.
Re2 $14) 46... Nb4 47. Re2 Nd5 (47... a5 $11) 48. Re5 $2 (48. Bc1 $16 {And now Ba3+
would win.} Nc7 49. Ba3+ Kd7 50. Bb4 (50. Re7+ Kd8 $14)) 48... Nc7 (48... Nb4 $11) 49. Re3 $16 Rf2 (49...
Rxe3 $16 50. Bxe3 Nd5) 50. Bf4+ $18 (50. Rxc3 Ne6+ 51. Kc4
Rxh2 52. Rd3+ Kc7 $14) 50... Kd7 {[%emt 0:00:13] [#]} 51. Bxc7 ({Not} 51. Rxc3 Ne6+ 52. Ke3 Ra2 $16) (51. Rd3 $1 $18 {aiming for Ke3+.} Rf1
52. Ke4+ (52. Rxc3 Ne6+ 53. Ke5 Re1+ 54. Kf5 Nc5 $16) (52. Kxc3+ Ke7 $16) 52...
Ke7 53. Rxc3 (53. Bxc7 c2 $16)) 51... Kxc7 $16 52. Rxc3+ $18 {
[%emt 0:00:08] KR-KR} ({Of course not} 52. Kxc3 Rxh2 53. Re7+ Kb8 $11) 52...
Kd7 53. h4 Ra2 54. Rc4 Rg2 55. Rc3 Ra2 $1 56. Rc4 {[%emt 0:00:48] Ke5 is the strong threat.} Rg2 $1 57. Rc3 Ra2 $1 58. Rc4 {[%emt 0:00:22]
Never resign too early! Weighted Error Value: White=0.33/Black=0.29 (precise)}
(58. Rc6 $16) 1/2-1/2

[Event "44th Chess Olympiad Women 2022"]
[Site "Chennai"]
[Date "2022.07.30"]
[Round "2.15"]
[White "Guerrero Rodriguez, Alejandra"]
[Black "Peycheva, Gergana"]
[Result "0-1"]
[WhiteElo "2006"]
[BlackElo "2295"]
[Annotator "TA"]
[PlyCount "52"]
[EventDate "2022.??.??"]
[TimeControl "60"]

1. e4 c6 2. d4 d5 3. Nd2 dxe4 4. Nxe4 Nf6 5. Nxf6+ exf6 6. Nf3 Bd6 7. Bd3 {[%emt 0:02:59] The main line 7.Bd3 scores better
than 7.Be2.} O-O 8. Be3 Re8 {[%emt 0:05:44]
B15: Caro-Kann: 3 Nc3:3...g6 and 3...dxe4 4 Nxe4 Nf6 5 Nxf6+ exf6.} 9. Qd2 Nd7 10. O-O-O Nf8 11. Bf4 ({White should play} 11. d5 $11) 11... Be6 $15
{[%emt 0:07:42] [#]} 12. a3 $146 ({Predecessor:} 12. Bxd6 Qxd6
13. c4 b5 14. Qc2 a5 15. Kb1 a4 16. Rhe1 Rab8 17. Ka1 bxc4 18. Bxc4 {0-1 (28)
Coelho,R (1981)-Trost,E (2184) Chess.com INT 2021}) 12... b5 13. Be4 Bxf4 14. Qxf4 Qb6 15. Qd6 Rac8 16. Rhe1 a5 17. Qc5 Qa6 18. Re3 Red8 19. Rc3 (
19. Nh4 $15) 19... Nd7 ({Better is} 19... Bd5 $17 20. Bf5 Ne6
21. Bxe6 Bxe6) 20. Qe7 $11 {[%emt 0:00:50][%cal Yc3c6] [#] Rxc6! is the strong
threat.} (20. Qh5 f5 21. Bd3 (21. Bxf5 g6 $17) 21... Qb6 $17) 20... Nb8 21. Nh4 $36 {[%emt 0:06:25] Black must now prevent Rg3. White
is pushing.} Rd7 22. Qc5 b4 23. Rg3 {[%emt 0:02:24] Strongly threatening Qh5.} bxa3 (23...
g6 $11) 24. Qxa3 $14 {[%emt 0:02:47] [#] aiming for Qf3.} ({Much weaker is} 24.
Rxa3 Qe2 25. Bf3 Qxf2 $11) 24... Qb5 25. Qd3 (25. Qf3 $16 {Hoping for Qxf6.} Kf8 26. Bf5 (26. Bxh7 Rcd8 $14)) 25... Qxd3 26. Rdxd3 (26. Rgxd3 $14 g6 27. g3) 26... g6 {
[%emt 0:00:36] Weighted Error Value: White=0.21 (precise) /Black=0.15 (very
precise) . Loss on time!?} 0-1

[Event "44th Chess Olympiad Women 2022"]
[Site "Chennai"]
[Date "2022.07.30"]
[Round "2.15"]
[White "Salimova, Nurgyul"]
[Black "Corrales Jimenez, Zenia"]
[Result "1-0"]
[WhiteElo "2416"]
[BlackElo "2143"]
[Annotator "TA"]
[PlyCount "35"]
[EventDate "2022.??.??"]
[TimeControl "60"]

1. d4 d5 2. Nc3 Nf6 3. Bf4 c5 4. e4 e6 5. dxc5 Bxc5 {[%emt 0:10:34] White must now
prevent ...Qb6.} 6. e5 {[%emt 0:03:16] D00:1 d4 d5: Unusual lines.} Nfd7 7. Qg4 g6 8. Nf3 {[%emt 0:00:
00] The position is equal.} Nc6 9. Bd3 {[%emt 0:03:39] [#]} g5
$146 (9... h5 $11 {and Black stays safe.} 10. Qg3 Be7) ({
Predecessor:} 9... Nb4 10. Bd2 Nxd3+ 11. cxd3 a6 12. Rc1 Qe7 13. d4 Ba7 14. Ne2
Nb6 15. b3 O-O {0-1 (43) Lipschuetz,S-Delmar,E New York (Manhattan CC) 1890})
10. Bxg5 $18 Ndxe5 11. Nxe5 ({Inferior is} 11. Bxd8 Nxg4 12. Bh4 O-O $15) 11... Nxe5 12.
Qa4+ ({Worse is} 12. Bxd8 Nxg4 13. Bh4 O-O $11) 12... Qd7 13. Bb5 Nc6 14. O-O-O {
[%emt 0:00:53][%cal Yc3d5] Strongly threatening Nxd5!} a6 $2 {[%emt 0:04:00] 
[#]} (14... h6) 15. Nxd5 $1 exd5 16. Rhe1+ Kf8 17. Bh6+ Kg8 {[%emt 0:00:
04] [#]} 18. Qg4+ $3 {[%emt 0:00:09] Back Rank. White took control after the
opening. Weighted Error Value: White=0.00 (flawless) / Black=1.47} 1-0

[Event "44th Chess Olympiad Women 2022"]
[Site "Chennai"]
[Date "2022.07.30"]
[Round "2.16"]
[White "Khegay, Anjela"]
[Black "Karavade, Eesha"]
[Result "0-1"]
[WhiteElo "2131"]
[BlackElo "2339"]
[Annotator "TA"]
[PlyCount "68"]
[EventDate "2022.??.??"]
[TimeControl "60"]

1. d4 Nf6 2. c4 e6 3. g3 d5 4. Bg2 dxc4 5. Nf3 Nc6 6. O-O Rb8 7. b3 {[%emt 0:06:36] E04:
Open Catalan: 5 Nf3.} cxb3 8. axb3 a6 9. Bb2 {[%emt 0:03:29] The position is equal.} Be7 10. Nc3 O-O 11. e4 {[%emt 0:01:24] [#]}
b6 $146 ({Predecessor:} 11... Nb4 12. Qe2 b5 13. Rfd1 Bb7 14.
Ne5 c5 15. d5 exd5 16. exd5 Qc7 17. Ng4 Nxg4 18. Qxg4 {1-0 (24) Gallego
Alcaraz,A (2499)-Stevens,C (2260) Chess.com INT 2022}) 12. Qe2 Bb7 (12... Nxd4 $2 13. Nxd4 Qd7 14. Rfd1 $18) 13. Rfd1 Re8 14. e5 (14. h4 $11 {
remains equal.}) 14... Nd5 $17 15. Ne4 Na5 16. Nfd2 Bb4 17. f4 h6 18. Rf1 Ne7 ({
Better is} 18... Qd7 $17 {White must now prevent ...Qb5.} 19. Qd3 Bxd2 20. Nxd2
Red8) 19. g4 $1 $15 Bxd2 20. Nxd2 Bxg2 21. Qxg2 Qd5 22. f5 (22. Ne4 $1 $15) 22... Qxg2+ $17 23.
Kxg2 Nd5 {[%emt 0:00:40] [#] aiming for ...Ne3+.} 24. Rf3 {
[%emt 0:01:06] Against Ne3+} Rbc8 25. Ne4 Nc6
{[%emt 0:06:00] Pair of Knights!} 26. fxe6 (26. f6 $15) 26...
fxe6 27. Rc1 Nce7 28. Ba3 Ng6 (28... Red8 $17) 29. Kg3 $1 $15 Ra8 30. Rc6 {[%emt 0:01:01] Against c5} (
30. h4 $11 {keeps the balance.}) 30... a5 $17 31. h4 a4 32. bxa4 (32. h5 $17 {is a better
defense.} Nge7 33. Rc2 (33. Rxe6 $2 axb3 34. Bxe7 Nxe7 $17)) 32... Rxa4 $19 33. Nd6 $2 {[%emt 0:06:08] [#]} (33. Nc3 Rxd4 34. Nxd5 Nxe5 35.
Nxc7) 33... cxd6 34. exd6 Nf8 {[%emt 0:01:04]
Weighted Error Value: White=0.36/Black=0.11 (very precise)} 0-1

[Event "44th Chess Olympiad Women 2022"]
[Site "Chennai"]
[Date "2022.07.30"]
[Round "2.16"]
[White "Vishwa Vasnawala"]
[Black "Fang, Kun"]
[Result "1/2-1/2"]
[WhiteElo "2305"]
[BlackElo "1766"]
[Annotator "TA"]
[PlyCount "64"]
[EventDate "2022.??.??"]
[TimeControl "60"]

1.
d4 d5 2. c4 c6 3. Nf3 Nf6 4. e3 e6 5. b3 b6 6. Bb2 Bb7 7. Bd3 Bd6 8. Nc3 Nbd7 9. O-O O-O 10. Qc2 Rc8 {[%emt 0:04:29] D45: Semi-Slav: 5 e3.} 11. e4 dxe4 12. Nxe4 Nxe4 {[%emt 0:
00:00] White is slightly better.} 13. Bxe4 Nf6 14. Bd3 Bb8 15. c5 h6 16. Rfe1 {[%emt 0:06:46] [#]} Qe7 $146 ({
Predecessor:} 16... b5 17. a3 Nd5 18. Ne5 Bxe5 19. dxe5 Rc7 20. Re4 Bc8 21. Rd4
Qe7 22. b4 f5 23. exf6 Nxf6 {1-0 (31) Mislin,R-Augustyniak,E freechess.de 2017}
) 17. a3 Rcd8 18. b4 Nd5 19. Rad1 (19. Bc1 $16) 19... Qc7 (19... Bc7 $11 {remains equal.}) 20. g3 Qc8 21. Qe2 Rde8 22. Ne5 f5 23. Rc1 {[%emt 0:13:56] White is more active.} Bxe5 24. dxe5 (24. Qxe5 $16 b5 25. Be2) 24... b5 25. Bc3 Qc7 26. Bd2 Rd8 27. Bb1 Qe7 28. Rcd1 Rd7 29. Qf3 Bc8 30. Ba2 Rdd8 31. Bc1 a5 32. Rd4 (32.
bxa5 $14 Qxc5 33. Bxd5 Rxd5 34. Rxd5 cxd5 35. Bd2) 32... Kh8 {[%emt 0:04:34]
Weighted Error Value: White=0.11 (very precise) /Black=0.14 (very precise)}
1/2-1/2

[Event "44th Chess Olympiad Women 2022"]
[Site "Chennai"]
[Date "2022.07.30"]
[Round "2.17"]
[White "Demchenko, Svitlana"]
[Black "Peng, Zhaoqin"]
[Result "1-0"]
[WhiteElo "2122"]
[BlackElo "2349"]
[Annotator "TA"]
[PlyCount "87"]
[EventDate "2022.??.??"]
[TimeControl "60"]

1. d4 d5 2. Nf3 Nf6 3. Bf4 e6 4. e3 Bd6 5. Bg3 O-O 6. Nbd2 c5 {[%emt 0:02:00] D02:1 d4
d5 2 Nf3 sidelines, including 2...Nf6 3 g3 and 2...Nf6 3 Bf4.} 7. c3 Qc7 8. dxc5 Bxg3 {[%emt 0:00:00] The
position is equal.} 9. hxg3 Qxc5 10. Bd3 h6 11. Qa4 Nc6 12. g4 $1 {[%emt 0:01:59] Hoping for g5.} e5 13. g5 Ng4 14. gxh6 {[%emt 0:
01:21] [#]} g6 $146 ({Predecessor:} 14... Nxh6 15. Rh5 f5 16.
Bb5 Ng4 17. Nb3 Qd6 18. O-O-O e4 19. Rxd5 Qg6 20. Bc4 Be6 {½-½ (30)
Malassagne,R (2305)-Haack,K (2180) Prague 2020}) 15. Be2 a6 16. Ng5 b5 {[%emt 0:11:57] [#]} 17. Qd1 (17. Qb3 $1 $16) 17... Nf6 (17... Qe7 $11 {
keeps the balance.} 18. Bxg4 Qxg5 19. h7+ Kh8) 18. e4 $16 Qe7 19. a4 ({White
should play} 19. exd5 $16 Nxd5 20. Bf3) 19... b4 (19... Bb7 $1
$14) 20. exd5 bxc3 (20... Nxd5 $16 21. Nde4
Nf6) 21. dxc6 $18 cxd2+ 22. Qxd2 Bf5 23. Bc4 $2 (23. Rc1 $18 {and White
stays clearly on top.}) 23... Ne4 $16 24. Nxe4 Bxe4 25. Rc1 {[%emt 0:00:26][%cal Yc6c7] And now c7! would
win.} Bxg2 (25... Kh7 $16 {was worth a try.}) 26. Rg1 $18 Be4 27. b4 {[%emt 0:04:01] White is more
active.} (27. Rg4 $16 Rfd8 28. Qg5 Qxg5 29. Rxg5) 27... Kh7 $11 28. b5 axb5 29. axb5 Rfd8 30. Qb2 Rd4 {[%emt 0:01:07]
aiming for ...Bf3.} 31. Be2 $36 {[%emt 0:04:01] Prevents Bf3. White has good
play.} Bd5 {[%emt 0:02:46] White must now prevent ...Ra2.} 32. b6 $2 (32. c7 $14 Bb7 33. Rg4) 32... Rb4 $2 ({Better is} 
32... Ra2 $19 33. Qc3 Ra3) 33. Qd2 Bxc6 34.
Rxc6 $14 {[%emt 0:00:56][%cal Yg1g6] Rgxg6! is the strong threat. Chess con
chili.} Rb1+ {[%emt 0:00:25] [#]} 35. Rc1 $1 Rxb6 36. Kf1 Rab8 37. Rg3 Rb2 38. Qe3 R2b4 (38... R8b4
$16 39. Qc3 Rb1) 39. Rc5 f6 $2 (39... Rb3 $16
40. Qxe5 Qxe5 41. Rxe5 Rxg3 42. fxg3 Kxh6) 40. Qc3 $18 {[%emt 0:00:50]
Threatening mate with Rc7.} R8b7 {[%emt 0:00:00] [#] Inhibits Rc7.} 41. Bh5 $1 g5 (41... Qf7 42. Bxg6+) 42. Qd3+ (42. Qc2+ $142 e4 43. Bg4 Rb1+ 44. Kg2 Rd1 45. Bf5+ Kh8 46. Qxd1 Rb8
47. Rgc3) 42... e4 43. Qd5 Kxh6 {[%emt 0:08:
49] [#]} 44. Qf5 $1 {[%emt 0:06:22] Both players deserved the win here.
Weighted Error Value: White=0.33/Black=0.66} 1-0